[Event "IIFL Wealth 4th Mumbai GM"]
[Site "Mumbai"]
[Date "2019.01.03"]
[Round "5"]
[White "Shyaamnikhil P"]
[Black "Kathmale, Sameer"]
[Result "1-0"]
[ECO "B15"]
[WhiteElo "2448"]
[BlackElo "2312"]
[Annotator "NA"]
[PlyCount "210"]
[EventDate "2018.12.30"]
[EventType "swiss"]
[EventCountry "IND"]
[SourceTitle "playchess.com"]
[Source "ChessBase"]
[SourceQuality "1"]
[TimeControl "40/5400+30:1800+30"]

1. e4 c6 2. d4 d5 3. Nd2 dxe4 4. Nxe4 Nf6 5. Nxf6+ exf6 6. c3 Bd6 7. Bd3 O-O 8. Qc2 Re8+ {[%emt 0:00:17] B15: Caro-Kann: 3 Nc3: 3...g6 and 3...dxe4 4 Nxe4 Nf6 5 Nxf6+ exf6} 9. Ne2 (9. Be3 h5 10. O-O-O Qa5 11. Kb1 Be6 12. c4 Na6 13. Bd2 Nb4 14. Qb3 b5 15. Bxb4 Bxb4 16. Qc2 bxc4 17. Bxc4 Bxc4 18. Qxc4 {0-1 (47) Stevic,H (2589)-Cheparinov,I (2711) Zagreb 2018}) 9... h5 10. O-O h4 11. h3 Nd7 12. Be3 Nf8 13. Qd2 Be6 14. Rfe1 Qd7 15. Bf4 {[%emt 0:01:50] [#]} Ng6 $146 ({Predecessor:} 15... Be7 16. Be3 {½-½ (42) Pap,M (2482)-Sedlak,N (2587) Biograd na Moru 2018}) 16. Bxd6 Qxd6 17. c4 Re7 18. b3 Rae8 19. Bxg6 fxg6 20. Nc3 g5 21. Ne4 Qd8 22. Nc3 Bf7 23. Rxe7 Rxe7 24. Rd1 Rd7 25. Qd3 a6 26. d5 cxd5 27. cxd5 Rd6 28. Qe3 Rd7 29. Qd4 Rd6 30. b4 b6 31. Qd3 a5 32. a3 Kf8 33. Qd4 axb4 34. axb4 Kg8 35. Qe4 Rd7 36. Qd3 Rd6 37. Ra1 Rd7 38. Qc4 Rc7 39. Qd4 Rd7 40. Rd1 Rd6 41. Qd3 Kf8 42. Qc4 Kg8 43. Ra1 Kh7 44. Rd1 Kg8 45. f4 f5 46. Re1 b5 47. Qd4 gxf4 48. Qxf4 Bxd5 49. Rd1 Rd7 $1 50. Qxf5 Qb6+ 51. Qf2 Qxf2+ 52. Kxf2 Rf7+ 53. Kg1 Bc4 54. Rd4 Rf1+ 55. Kh2 Rf2 56. Rxh4 Rb2 57. Rf4 Rxb4 58. Nd5 g5 59. Rg4 Rb1 60. Ne3 Be6 61. Rxg5+ Kh7 62. Re5 Bg8 (62... Ba2 $14) 63. Re7+ (63. Nd5 $16) 63... Kg6 64. Rb7 b4 65. Rb6+ Kh7 66. Rb7+ Kg6 67. Rb6+ Kh7 68. Ng4 Ba2 (68... Kg7 $14) 69. h4 b3 {[%emt 0:00:38] [#]} 70. h5 $18 Rf1 71. Rb7+ Kh8 72. Kg3 Rf8 73. Kh4 Rf5 74. Rb6 Rf7 75. Kg5 Rg7+ 76. Kf4 Rf7+ 77. Ke5 Rg7 78. Kf4 Rf7+ 79. Kg3 Kh7 80. Rb8 Rc7 81. Kh4 Rc2 82. Rb7+ Kg8 83. Nf6+ Kf8 84. h6 Rxg2 85. h7 Rh2+ 86. Kg5 Bb1 87. Rb8+ Ke7 88. h8=Q Rxh8 89. Rxh8 Bc2 90. Rb8 Kd6 91. Kf4 Kc7 92. Rb4 Kc6 93. Ke3 Kc5 94. Rb8 Kc4 95. Kd2 Bf5 96. Nh5 Bd7 97. Ng3 Be6 98. Ne2 Bf5 99. Nc3 Be6 100. Na4 Bf7 101. Nb2+ Kd4 102. Rb4+ Kc5 103. Kc3 Be6 104. Nd3+ Kc6 105. Nc1 Kd5 1-0

[Event "IIFL Wealth 4th Mumbai GM"]
[Site "Mumbai"]
[Date "2019.01.03"]
[Round "5"]
[White "Raahul V S"]
[Black "Kishor, Shazzad"]
[Result "1-0"]
[ECO "A35"]
[WhiteElo "2381"]
[BlackElo "1730"]
[Annotator "NA"]
[PlyCount "157"]
[EventDate "2018.12.30"]
[EventType "swiss"]
[EventCountry "IND"]
[SourceTitle "playchess.com"]
[Source "ChessBase"]
[SourceQuality "1"]
[TimeControl "40/5400+30:1800+30"]

1. c4 c5 2. Nf3 Nf6 3. Nc3 Nc6 4. d4 cxd4 5. Nxd4 g6 6. g3 Bg7 7. Bg2 O-O 8. O-O a6 9. Nc2 d6 10. Ne3 Ne5 11. b3 Neg4 12. Nxg4 Nxg4 13. Bb2 Nf6 14. Qd2 Rb8 15. Rfd1 b6 16. e4 Bb7 17. e5 Ne8 18. Nd5 dxe5 19. Qb4 Bxd5 20. Rxd5 Qc7 21. Rad1 a5 22. Qe1 e6 23. Bxe5 Bxe5 24. Rxe5 Ng7 25. c5 f6 26. Rxe6 Nxe6 27. Qxe6+ Kh8 28. c6 Rbe8 29. Qd6 Qxd6 30. Rxd6 Rd8 31. Re6 Rde8 32. Bd5 Rc8 33. Re7 Rfd8 34. Bf3 Rd3 35. Kg2 Rxf3 36. Kxf3 Rxc6 37. Rb7 f5 38. Kf4 h6 39. Ke5 Rc5+ 40. Kf6 Rc6+ 41. Kf7 g5 42. h4 gxh4 43. gxh4 h5 44. Re7 Kh7 45. Re5 Rc7+ 46. Kf6 Rc2 47. a4 f4 48. Rxh5+ Kg8 49. Rg5+ Kh7 50. Rh5+ Kg8 51. Rb5 Rxf2 52. Kf5 f3 53. Kf4 Rf1 54. Rxb6 Rh1 55. Kxf3 Rxh4 56. Rb5 Kf7 57. Ke2 Rh3 58. Kd2 Ke6 59. Kc2 Kd6 60. Rxa5 Kc6 61. Re5 Kb6 62. Rd5 Ka6 63. Rd3 Rh4 64. Kc3 Rg4 65. b4 Rh4 66. Rd6+ Kb7 67. Rd4 Rh5 68. Kc4 Rg5 69. Rd5 Rg6 70. a5 Rh6 71. Kc5 Rc6+ 72. Kb5 Rc7 73. a6+ Ka7 74. Ka5 Rh7 75. b5 Rh8 76. b6+ Ka8 77. a7 Kb7 78. Rd7+ Ka8 79. Ka6 1-0

[Event "IIFL Wealth 4th Mumbai GM"]
[Site "Mumbai"]
[Date "2019.01.03"]
[Round "5"]
[White "Raghunandan, Kaumandur Srihari"]
[Black "Konguvel, Ponnuswamy"]
[Result "1-0"]
[ECO "A04"]
[WhiteElo "2378"]
[BlackElo "2282"]
[Annotator "NA"]
[PlyCount "87"]
[EventDate "2018.12.30"]
[EventType "swiss"]
[EventCountry "IND"]
[SourceTitle "playchess.com"]
[Source "ChessBase"]
[SourceQuality "1"]
[TimeControl "40/5400+30:1800+30"]

1. Nf3 g6 2. e4 c5 3. c3 d5 4. e5 Nc6 5. d4 Bg4 6. Bb5 Qb6 7. Bxc6+ Qxc6 8. O-O e6 9. dxc5 Bxc5 10. Nbd2 Ne7 11. h3 Bxf3 12. Nxf3 Nf5 13. g4 Ne7 14. Bh6 Qc7 15. b4 Bb6 16. a4 Qc4 17. a5 Bc7 18. Qd4 Qxd4 19. cxd4 Nc6 20. Rfc1 Kd7 21. b5 Nxa5 22. Rxc7+ Kxc7 23. Rxa5 Kb6 24. Ra1 Rhc8 25. Rb1 Rc3 26. Be3 Rac8 27. Ng5 R8c7 28. Nxh7 Ra3 29. Nf6 Rcc3 30. h4 Rab3 31. Rxb3 Rxb3 32. h5 gxh5 33. gxh5 Rc3 34. h6 Rc8 35. h7 Rh8 36. Bh6 Kxb5 37. Bg7 Rxh7 38. Nxh7 a5 39. Ng5 Ka4 40. Nxf7 b5 41. Nd8 b4 42. Nxe6 Kb5 43. Nc5 a4 44. e6 1-0

[Event "IIFL Wealth 4th Mumbai GM"]
[Site "Mumbai"]
[Date "2019.01.03"]
[Round "5"]
[White "Rathnakaran, K.."]
[Black "Movsziszian, Karen"]
[Result "1-0"]
[ECO "B08"]
[WhiteElo "2366"]
[BlackElo "2505"]
[Annotator "ChessBase"]
[PlyCount "75"]
[EventDate "2018.12.30"]
[EventType "swiss"]
[EventCountry "IND"]
[SourceTitle "playchess.com"]
[Source "ChessBase"]
[SourceQuality "1"]
[TimeControl "40/5400+30:1800+30"]

1. e4 d6 2. d4 Nf6 3. Nc3 g6 4. Nf3 Bg7 5. Be3 O-O 6. Qd2 a6 7. Bh6 b5 8. Bd3 Nc6 9. h4 e5 10. d5 Ne7 11. h5 Nxh5 12. O-O-O f6 13. Rh4 Rf7 14. Rdh1 Bxh6 15. Qxh6 Qf8 16. Qd2 Nf4 17. Bf1 g5 18. R4h2 Bd7 19. Nd1 c6 20. g3 Nfg6 21. Ne3 cxd5 22. exd5 g4 23. Ne1 e4 24. Qb4 f5 25. Qxd6 Qc8 26. c3 a5 27. a4 b4 28. Nc4 bxc3 29. b3 Qb7 30. Nc2 Nxd5 31. Rxh7 Ra6 32. Nxa5 Qxb3 33. Rh8+ Nxh8 34. Rxh8+ Kxh8 35. Qe5+ Nf6 36. Nxb3 Rxa4 37. Nc5 Ra5 38. Bc4 1-0

[Event "IIFL Wealth 4th Mumbai GM"]
[Site "Mumbai"]
[Date "2019.01.03"]
[Round "5"]
[White "Kulkarni, Vikramaditya"]
[Black "Safranska, Anda"]
[Result "1-0"]
[ECO "B19"]
[WhiteElo "2345"]
[BlackElo "2189"]
[Annotator "NA"]
[PlyCount "57"]
[EventDate "2018.12.30"]
[EventType "swiss"]
[EventCountry "IND"]
[SourceTitle "playchess.com"]
[Source "ChessBase"]
[SourceQuality "1"]
[TimeControl "40/5400+30:1800+30"]

1. e4 c6 2. d4 d5 3. Nd2 dxe4 4. Nxe4 Bf5 5. Ng3 Bg6 6. h4 h6 7. Nf3 Nd7 8. h5 Bh7 9. Bd3 Bxd3 10. Qxd3 e6 11. Bd2 Ngf6 12. Ne4 Be7 13. O-O-O O-O 14. Nxf6+ Nxf6 15. Rdg1 Ng4 16. Qe2 Qb6 17. Ne5 Nxe5 18. dxe5 Bc5 19. g4 f6 20. exf6 Rxf6 21. g5 hxg5 22. Bxg5 Rxf2 23. Qxe6+ Kf8 24. h6 Bd4 25. hxg7+ Bxg7 26. Be7+ Ke8 27. Rh8+ Bf8 28. Bxf8+ Kd8 29. Bd6+ 1-0

[Event "IIFL Wealth 4th Mumbai GM"]
[Site "Mumbai"]
[Date "2019.01.03"]
[Round "5"]
[White "Tran, Minh Thang"]
[Black "Stupak, Kirill"]
[Result "1-0"]
[ECO "A06"]
[WhiteElo "2342"]
[BlackElo "2557"]
[Annotator "ChessBase"]
[PlyCount "77"]
[EventDate "2018.12.30"]
[EventType "swiss"]
[EventCountry "IND"]
[SourceTitle "playchess.com"]
[Source "ChessBase"]
[SourceQuality "1"]
[TimeControl "40/5400+30:1800+30"]

1. Nf3 d5 2. e3 Nf6 3. c4 g6 4. b3 Bg7 5. Bb2 c5 6. cxd5 Qxd5 7. Nc3 Qf5 8. d4 O-O 9. Bd3 Qh5 10. Ne4 Nxe4 11. Bxe4 Nc6 12. O-O cxd4 13. Nxd4 Qh4 14. Bxc6 bxc6 15. Nf3 Qh6 16. Bxg7 Qxg7 17. Rc1 Ba6 18. Re1 Rfd8 19. Qc2 Rd6 20. Qc5 Bb7 21. h3 Qf8 22. Red1 Qd8 23. Rd4 a5 24. Rcd1 Rd5 25. e4 Rxc5 26. Rxd8+ Rxd8 27. Rxd8+ Kg7 28. Rd7 Bc8 29. Rxe7 a4 30. Rc7 axb3 31. axb3 Ba6 32. Nd4 Re5 33. f3 c5 34. Nc6 Re8 35. Na5 Re5 36. Kf2 Kg8 37. Nc4 Bxc4 38. bxc4 f5 39. Ke3 1-0

[Event "IIFL Wealth 4th Mumbai GM"]
[Site "Mumbai"]
[Date "2019.01.03"]
[Round "5"]
[White "Ameir, Moheb"]
[Black "Divya Deshmukh"]
[Result "1/2-1/2"]
[ECO "B52"]
[WhiteElo "2327"]
[BlackElo "2190"]
[Annotator "NA"]
[PlyCount "90"]
[EventDate "2018.12.30"]
[EventType "swiss"]
[EventCountry "IND"]
[SourceTitle "playchess.com"]
[Source "ChessBase"]
[SourceQuality "1"]
[TimeControl "40/5400+30:1800+30"]

1. e4 c5 2. Nf3 d6 3. Bb5+ Bd7 4. Bxd7+ Qxd7 5. O-O Nc6 6. c3 Nf6 7. d4 g6 8. Qe2 Bg7 9. Rd1 cxd4 10. cxd4 O-O 11. d5 Nb4 12. Nc3 Rfc8 13. h3 a5 14. Be3 a4 15. a3 Na6 16. e5 dxe5 17. Nxe5 Qe8 18. Rac1 Nd7 19. Nxd7 Qxd7 20. Bd4 Bxd4 21. Rxd4 Nc5 22. Re1 e5 23. Ne4 Nxe4 24. Rxe4 f6 25. f4 Qxd5 26. fxe5 f5 27. Rb4 Re8 28. Rb5 Qc6 29. e6 Re7 30. Re5 Rae8 31. Kh1 Kg7 32. Qe3 Kg8 33. Qe2 Kg7 34. Qe3 Kg8 35. Re2 Kg7 36. Qd4 Kg8 37. Qe3 Kg7 38. Kg1 Kg8 39. Re1 Kg7 40. h4 h5 41. b3 axb3 42. Qxb3 Kh7 43. Kh1 Qd6 44. Qe3 Kg7 45. Qc3 Kh7 1/2-1/2

[Event "IIFL Wealth 4th Mumbai GM"]
[Site "Mumbai"]
[Date "2019.01.03"]
[Round "5"]
[White "Elgabry, Mohsen"]
[Black "Subhayan Kundu"]
[Result "0-1"]
[ECO "A10"]
[WhiteElo "2305"]
[BlackElo "2185"]
[Annotator "NA"]
[PlyCount "141"]
[EventDate "2018.12.30"]
[EventType "swiss"]
[EventCountry "IND"]
[SourceTitle "playchess.com"]
[Source "ChessBase"]
[SourceQuality "1"]
[TimeControl "40/5400+30:1800+30"]

1. c4 f5 2. Nc3 Nf6 3. Nf3 g6 4. g3 Bg7 5. Bg2 O-O 6. O-O d6 7. d4 Qe8 8. Nd5 Nxd5 {[%emt 0:08:01] A87: Dutch Defence: Leningrad System: 5 Nf3} 9. cxd5 h6 (9... Nd7 10. Ng5 Nf6 11. Qb3 h6 12. Ne6 Bxe6 13. dxe6 Rb8 14. Bd2 c6 15. Rac1 g5 16. e3 {1-0 (38) Burg,T (2517)-Pruijssers,R (2506) Netherlands 2018}) 10. Qc2 Na6 11. a3 $146 ({Predecessor:} 11. e3 Bd7 12. Bd2 Qf7 13. Rfd1 c6 14. dxc6 Bxc6 15. Bc3 Be4 16. Qe2 {1-0 (48) Teh,E (2289)-Cleary,M Telford 2018}) 11... Qb5 12. Nh4 g5 13. Ng6 Rf7 14. h4 Kh7 15. h5 Bxd4 16. g4 Nc5 17. b4 Bxa1 18. bxc5 Qxc5 19. Qb1 Bg7 20. Bf3 Kg8 21. Be3 Qxa3 22. Qb5 Rf8 23. Nxe7+ Kh7 24. Ng6 Rd8 25. Ne7 Qb2 26. Qd3 Qe5 27. Ng6 Qc3 28. Qb1 Qb2 29. Qd3 Qc3 30. Qb1 Qf6 31. Rc1 Rd7 32. Rc4 Rf7 33. Bd4 Qxd4 34. Rxd4 Bxd4 35. Qb5 Bd7 36. Qxb7 Re8 37. Qb1 Kg7 38. Qd3 Bf6 39. gxf5 a5 40. e4 a4 41. Bd1 Ra8 42. Qc4 a3 43. Bb3 Bb2 44. Kg2 Rb8 45. Ba2 Bb5 46. Qc2 Be8 47. e5 dxe5 48. d6 cxd6 49. f6+ Kxf6 50. Nh8 Re7 51. Ng6 Rf7 52. Qd3 Rb6 53. Qe3 Rb8 54. Qd3 Rd8 55. Nh8 Re7 56. Ng6 Rf7 57. Nh8 Rc7 58. Ng6 Bf7 59. Nf8 e4 60. Nh7+ Kf5 61. Qh3+ g4 62. Qh4 Bxa2 63. Qxd8 Rxh7 64. Qxd6 Be6 65. Qc5+ Kf6 66. Qf8+ Bf7 67. Qb4 $19 Kg7 68. Qb7 Bf6 69. Qxe4 a2 70. Qxg4+ Kh8 71. Qd1 0-1

[Event "IIFL Wealth 4th Mumbai GM"]
[Site "Mumbai"]
[Date "2019.01.03"]
[Round "5"]
[White "Sangma, Rahul"]
[Black "Deshpande, Aniruddha"]
[Result "1-0"]
[ECO "B31"]
[WhiteElo "2289"]
[BlackElo "2167"]
[Annotator "NA"]
[PlyCount "119"]
[EventDate "2018.12.30"]
[EventType "swiss"]
[EventCountry "IND"]
[SourceTitle "playchess.com"]
[Source "ChessBase"]
[SourceQuality "1"]
[TimeControl "40/5400+30:1800+30"]

1. e4 c5 2. Nf3 Nc6 3. Bb5 g6 4. O-O Bg7 5. Bxc6 dxc6 6. d3 Nf6 7. Nbd2 O-O {[%emt 0:09:01] B31: Sicilian: 2...Nc6 3 Bb5 g6} 8. a4 Re8 $146 ({Predecessor:} 8... h6 9. Nc4 Be6 10. Qe2 Qc7 11. g3 Qc8 12. Nh4 g5 13. Ng2 Bxc4 14. dxc4 Qe6 15. Re1 Rad8 16. c3 Nd7 {½-½ (16) Kett,T (2222)-Wells,P (2488) Treforest 2010}) 9. a5 e5 10. Nc4 Nh5 11. Be3 Qe7 12. Re1 f6 13. Qc1 g5 14. g3 Bf8 15. Nfd2 Qe6 16. Nb3 Qh3 17. Qd1 Nf4 18. Bxf4 gxf4 19. Qf3 Kh8 20. Nbd2 Bh6 21. Nd6 Bg4 22. Qg2 Re7 23. Qxh3 Bxh3 24. Nb3 Rd7 25. Nc4 Bf8 26. f3 Be6 27. Kf2 Rad8 28. gxf4 exf4 29. Ke2 Rg7 30. Rg1 Rg5 31. Rxg5 fxg5 32. Rg1 h6 33. a6 Bxc4 34. dxc4 b6 35. Nc1 Bg7 36. Nd3 Rd4 37. b3 Rd7 38. h4 Bf6 39. Rh1 Kg7 40. hxg5 hxg5 41. Rd1 Bc3 42. Nf2 Rxd1 43. Kxd1 Kf7 44. Ke2 Bd4 45. Nd3 Kf6 46. Kf1 g4 47. fxg4 Kg5 48. e5 f3 49. e6 Kf6 50. Ne1 Kxe6 51. Nxf3 Bb2 52. Ke2 Bc1 53. Kd3 Bb2 54. Ke4 Bc3 55. Kf4 Kf6 56. Ke4 Ke6 57. g5 Bb2 $18 58. Nh4 Bc1 59. g6 Kf6 60. Nf5 1-0

[Event "IIFL Wealth 4th Mumbai GM"]
[Site "Mumbai"]
[Date "2019.01.03"]
[Round "5"]
[White "Sarwat, Walaa"]
[Black "Chowdhury, Sohel"]
[Result "1-0"]
[ECO "B87"]
[WhiteElo "2276"]
[BlackElo "2012"]
[Annotator "NA"]
[PlyCount "37"]
[EventDate "2018.12.30"]
[EventType "swiss"]
[EventCountry "IND"]
[SourceTitle "playchess.com"]
[Source "ChessBase"]
[SourceQuality "1"]
[TimeControl "40/5400+30:1800+30"]

1. e4 c5 2. Nf3 d6 3. Nc3 Nf6 4. d4 cxd4 5. Nxd4 a6 6. Bc4 e6 7. Bb3 b5 8. O-O Nbd7 9. Re1 Nc5 10. Bd5 exd5 11. exd5+ Kd7 12. b4 Na4 13. Nxa4 bxa4 14. Nc6 Qb6 15. Qf3 Qb5 16. c4 Qxc4 17. Bf4 Qxd5 18. Ne5+ Kd8 19. Qe3 1-0

[Event "IIFL Wealth 4th Mumbai GM"]
[Site "Mumbai"]
[Date "2019.01.03"]
[Round "5"]
[White "Ziatdinov, Raset"]
[Black "Surendran N"]
[Result "1-0"]
[ECO "B21"]
[WhiteElo "2252"]
[BlackElo "2176"]
[Annotator "NA"]
[PlyCount "131"]
[EventDate "2018.12.30"]
[EventType "swiss"]
[EventCountry "IND"]
[SourceTitle "playchess.com"]
[Source "ChessBase"]
[SourceQuality "1"]
[TimeControl "40/5400+30:1800+30"]

1. e4 c5 2. f4 Nc6 3. Nf3 g6 4. Be2 Bg7 5. O-O e6 6. Nc3 d6 7. d3 Nge7 8. Qe1 Nd4 9. Bd1 O-O 10. Nxd4 cxd4 11. Ne2 f5 12. Kh1 Qc7 13. Bd2 Bd7 14. Ng3 Qb6 15. Rb1 Rac8 16. Bb4 Rfe8 17. Rf2 Qc7 18. Bf3 Nc6 19. Bd2 Nd8 20. Rc1 Nf7 21. Re2 Qb6 22. c4 dxc3 23. bxc3 Qa6 24. d4 Bb5 25. Rf2 Qxa2 26. Ra1 Qc4 27. Qb1 a6 28. exf5 exf5 29. Bxb7 Rb8 30. Bf3 Bc6 31. Qf1 Qxf1+ 32. Nxf1 Bxf3 33. gxf3 Bf6 34. Ne3 Bh4 35. Rg2 Kf8 36. Nd5 Rb2 37. Kg1 a5 38. Kf1 a4 39. Re2 a3 40. Rxe8+ Kxe8 41. Ke2 a2 42. Kd3 g5 43. Nb4 g4 44. fxg4 fxg4 45. Rxa2 Rxa2 46. Nxa2 Kd7 47. Ke4 Ke6 48. c4 Bf2 49. f5+ Kf6 50. Nc3 h5 51. Nd5+ Kg7 52. Be3 Bxe3 53. Kxe3 h4 54. c5 dxc5 55. dxc5 Nh6 56. f6+ Kf7 57. c6 Nf5+ 58. Kf4 g3 59. hxg3 hxg3 60. c7 g2 61. c8=Q g1=Q 62. Qd7+ Kf8 63. Qxf5 Qf2+ 64. Ke5 Qb2+ 65. Ke6 Qb8 66. Qh7 1-0

[Event "IIFL Wealth 4th Mumbai GM"]
[Site "Mumbai"]
[Date "2019.01.03"]
[Round "5"]
[White "Navalgund, Niranjan"]
[Black "Lugovskoy, Maxim"]
[Result "0-1"]
[ECO "E04"]
[WhiteElo "2240"]
[BlackElo "2445"]
[Annotator "NA RC"]
[PlyCount "88"]
[EventDate "2018.12.30"]
[EventType "swiss"]
[EventCountry "IND"]
[SourceTitle "playchess.com"]
[Source "ChessBase"]
[SourceQuality "1"]
[TimeControl "40/5400+30:1800+30"]

1. Nf3 d5 2. d4 Nf6 3. c4 e6 4. g3 dxc4 5. Bg2 Nc6 6. O-O Rb8 7. e3 Bd7 8. Qe2 Bd6 9. Qxc4 O-O 10. Nbd2 e5 11. dxe5 Nxe5 12. Nxe5 Bxe5 13. Qc2 Qe8 14. f4 Bd6 15. e4 Ng4 16. Nb3 c5 17. h3 c4 18. hxg4 cxb3 19. Qxb3 Bxg4 20. Be3 Qe7 21. Rac1 b6 22. e5 Bb4 23. a3 Bc5 24. Qc3 Qe6 25. b4 Bxe3+ 26. Qxe3 Rbc8 27. Bb7 Rxc1 28. Rxc1 Rd8 29. Bg2 h5 30. Rf1 Qc4 31. Be4 Qe6 32. Bg2 Bf5 33. Kh2 Rd3 34. Qc1 Qb3 35. Qe1 Qxa3 36. b5 Qb3 37. Rg1 Qb2 38. Kh1 Qxb5 39. Qe2 Qd7 40. Qxh5 Rxg3 41. Rd1 Rd3 42. Rg1 Be4 43. Kh2 Rd2 44. Kg3 Qd4 0-1

[Event "IIFL Wealth 4th Mumbai GM"]
[Site "Mumbai"]
[Date "2019.01.03"]
[Round "5"]
[White "Mohite, Ranveer"]
[Black "Gandhi, Anish"]
[Result "1-0"]
[ECO "A01"]
[WhiteElo "2236"]
[BlackElo "2134"]
[Annotator "NA"]
[PlyCount "41"]
[EventDate "2018.12.30"]
[EventType "swiss"]
[EventCountry "IND"]
[SourceTitle "playchess.com"]
[Source "ChessBase"]
[SourceQuality "1"]
[TimeControl "40/5400+30:1800+30"]

1. b3 Nf6 2. Bb2 g6 3. g3 Bg7 4. Bg2 O-O 5. Nf3 d6 6. d4 c5 7. O-O Nbd7 8. c4 Rb8 9. Nc3 a6 10. a4 cxd4 11. Nxd4 Nc5 12. b4 Ne6 13. Nd5 Nxd5 14. cxd5 Nxd4 15. Bxd4 Bxd4 16. Qxd4 Bd7 17. Rfc1 Rc8 18. a5 Bb5 19. Bh3 Rxc1+ 20. Rxc1 Bd7 21. Qb6 1-0

[Event "IIFL Wealth 4th Mumbai GM"]
[Site "Mumbai"]
[Date "2019.01.03"]
[Round "5"]
[White "Praveen Kumar C"]
[Black "Vatsal Singhania"]
[Result "1/2-1/2"]
[ECO "D02"]
[WhiteElo "2233"]
[BlackElo "2130"]
[Annotator "NA"]
[PlyCount "97"]
[EventDate "2018.12.30"]
[EventType "swiss"]
[EventCountry "IND"]
[SourceTitle "playchess.com"]
[Source "ChessBase"]
[SourceQuality "1"]
[TimeControl "40/5400+30:1800+30"]

1. d4 d5 2. Nf3 Nf6 3. g3 e6 4. Bg2 Be7 5. c4 O-O 6. O-O dxc4 7. Qc2 a6 8. a4 Bd7 9. Rd1 Bc6 10. Bg5 b5 11. Bxf6 Bxf6 12. Nc3 Nd7 13. Ng5 Bxg5 14. Bxc6 Rb8 15. d5 Nb6 16. dxe6 Qe7 17. a5 Qxe6 18. Be4 Nc8 19. Bxh7+ Kh8 20. Bf5 Qc6 21. Bd7 Qh6 22. Nd5 c5 23. f4 Bf6 24. Nxf6 Qxf6 25. e4 Qg6 26. Rd5 Nd6 27. Qg2 Rfd8 28. Rad1 Nb7 29. Qh3+ Kg8 30. Rh5 Kf8 31. Re5 Qh6 32. Rh5 Qg6 33. Re5 Qh6 34. Qg4 Nxa5 35. Rh5 Qg6 36. Qh4 Qf6 37. Qg4 Qg6 38. Rg5 Qh6 39. Rdd5 c3 40. bxc3 Nc4 41. Rh5 Qg6 42. Qe2 Nb6 43. Rde5 Kg8 44. Bh3 c4 45. Rh4 Qd6 46. Bf1 g6 47. Rg5 Qd1 48. f5 Qxe2 49. Bxe2 1/2-1/2

[Event "IIFL Wealth 4th Mumbai GM"]
[Site "Mumbai"]
[Date "2019.01.03"]
[Round "5"]
[White "Bhambure, Shantanu"]
[Black "Nguyen, Van Huy"]
[Result "0-1"]
[ECO "E34"]
[WhiteElo "2223"]
[BlackElo "2438"]
[Annotator "NA"]
[PlyCount "202"]
[EventDate "2018.12.30"]
[EventType "swiss"]
[EventCountry "IND"]
[SourceTitle "playchess.com"]
[Source "ChessBase"]
[SourceQuality "1"]
[TimeControl "40/5400+30:1800+30"]

1. d4 Nf6 2. c4 e6 3. Nc3 Bb4 4. Qc2 d5 5. cxd5 Qxd5 6. Nf3 Qf5 7. Qb3 Nc6 8. Bd2 a5 9. a3 a4 10. Qc4 Bxc3 11. Bxc3 Qc2 12. e3 Ne4 13. Be2 Nxc3 14. Qxc3 Qxc3+ 15. bxc3 b6 16. Rb1 Ke7 17. Nd2 f6 18. f3 Ba6 19. Bxa6 Rxa6 20. Ke2 Nb8 21. Rhc1 Nd7 22. Nc4 Rc8 23. e4 c6 24. Rc2 b5 25. Ne3 Rb6 26. c4 bxc4 27. Rxb6 Nxb6 28. Nxc4 Nd7 29. Nb2 Nb6 30. Nd3 Kd6 31. Rc5 e5 32. dxe5+ fxe5 33. Kd2 Ra8 34. Rc2 Nd7 35. Rb2 Ra7 36. Kc3 g5 37. Rd2 Kc7 38. Nb2 Ra8 39. Nc4 Rb8 40. Rb2 Ra8 41. Rb4 h5 42. Nb2 Nb6 43. Nd3 Nd7 44. Nb2 Nb6 45. Nd3 Ra5 46. Rb1 Nc8 47. Rb2 Nd6 48. Kb4 Nb7 49. Kc3 Nd6 50. Kb4 Kb6 51. Rc2 Nb7 52. Rb2 Nd6 53. Rc2 Nb7 54. Rb2 Kc7 55. Kc3 g4 56. Rb4 Nd6 57. Rb2 Nf7 58. Kd2 gxf3 59. gxf3 Kd6 60. Rb8 Ng5 61. Ke3 Rb5 62. Rd8+ Ke7 63. Rg8 Ne6 64. Nb4 c5 65. Nd5+ Kf7 66. Ra8 Rb3+ 67. Kf2 Nd4 $11 68. Rxa4 Rxf3+ 69. Kg2 Rb3 70. Ra7+ Ke6 71. a4 h4 72. Rh7 c4 73. a5 c3 74. a6 c2 75. Rc7 Ra3 76. Nb4 Kd6 77. Rc8 Kd7 78. Rc5 Kd6 79. Rc8 Kd7 80. Rc5 Ra5 81. Rc3 Ra3 82. Rc5 Ra5 83. Rc3 Kd6 84. Kf2 Ra4 85. Nxc2 Ra2 86. a7 Rxa7 87. Nxd4 exd4 88. Rh3 Ra2+ 89. Ke1 Ke5 90. Rxh4 d3 91. Rh5+ Kd4 92. e5 Kc3 93. e6 d2+ 94. Ke2 Ra1 95. Rd5 Re1+ 96. Kf2 Rxe6 97. h4 Re1 98. Kf3 d1=Q+ 99. Rxd1 Rxd1 100. h5 Rd4 101. Kg3 Kc4 0-1

[Event "IIFL Wealth 4th Mumbai GM"]
[Site "Mumbai"]
[Date "2019.01.03"]
[Round "5"]
[White "Mehdi Hasan Parag"]
[Black "Snehal, Bhosale"]
[Result "1-0"]
[ECO "B89"]
[WhiteElo "2218"]
[BlackElo "2135"]
[Annotator "NA"]
[PlyCount "93"]
[EventDate "2018.12.30"]
[EventType "swiss"]
[EventCountry "IND"]
[SourceTitle "playchess.com"]
[Source "ChessBase"]
[SourceQuality "1"]
[TimeControl "40/5400+30:1800+30"]

1. e4 c5 2. Nf3 d6 3. d4 cxd4 4. Nxd4 Nf6 5. Nc3 Nc6 6. Bc4 e6 7. Be3 a6 8. Bb3 Qc7 9. f4 b5 10. Qf3 Bb7 11. O-O-O Be7 12. g4 b4 13. Nce2 Nxd4 14. Rxd4 Nxe4 15. Rxe4 f5 16. gxf5 exf5 17. Ba4+ Kf7 18. Bb3+ Ke8 19. Ba4+ Kf7 20. Bb3+ Ke8 21. Qg3 Bxe4 22. Qxg7 Bxh1 23. Qxh8+ Bf8 24. Ng3 Bc6 25. Nxf5 d5 26. Nd4 Qe7 27. Kd2 Kd7 28. Nxc6 Qxe3+ 29. Kxe3 Bc5+ 30. Qd4 Bxd4+ 31. Nxd4 Kd6 32. Nf5+ Kc5 33. Ba4 h5 34. Kf3 Rg8 35. h4 Rg1 36. Ng3 Ra1 37. Bb3 a5 38. f5 a4 39. Bxa4 Rxa2 40. Bb3 Rxb2 41. Nxh5 Rb1 42. Ng3 Kd6 43. h5 Ke5 44. h6 Ra1 45. Kg4 Ra7 46. Kg5 Rd7 47. f6 1-0

[Event "IIFL Wealth 4th Mumbai GM"]
[Site "Mumbai"]
[Date "2019.01.03"]
[Round "5"]
[White "Kurbonboeva, Sarvinoz"]
[Black "Soham Datar"]
[Result "1-0"]
[ECO "D02"]
[WhiteElo "2214"]
[BlackElo "2134"]
[Annotator "NA"]
[PlyCount "107"]
[EventDate "2018.12.30"]
[EventType "swiss"]
[EventCountry "IND"]
[SourceTitle "playchess.com"]
[Source "ChessBase"]
[SourceQuality "1"]
[TimeControl "40/5400+30:1800+30"]

1. d4 d5 2. Nf3 Nf6 3. g3 c6 4. Bg2 Bf5 5. O-O e6 6. c4 Nbd7 7. b3 Be7 8. Bb2 h6 9. Nc3 O-O 10. Nd2 Bh7 11. e4 dxe4 12. Ndxe4 Nxe4 13. Nxe4 Nf6 14. Nd2 a5 15. a3 Qb6 16. Qe2 Rfe8 17. Rfe1 Bc2 18. Qe3 c5 19. d5 Bf5 20. Qc3 Rad8 21. Ne4 Bxe4 22. Rxe4 Bf8 23. Re2 exd5 24. Rxe8 Rxe8 25. cxd5 Bd6 26. Qd3 Ng4 27. Qf3 Ne5 28. Qc3 f6 29. Re1 c4 30. bxc4 Rc8 31. Re4 Qc5 32. Bh3 Rc7 33. Be6+ Kf8 34. Bc1 Nxc4 35. Bxh6 Be5 36. Qc1 b5 37. Bxg7+ Rxg7 38. Qh6 Qc7 39. Qh8+ Ke7 40. Qxg7+ Kd6 41. Qf8+ Qe7 42. Qc8 Qc7 43. Qa6+ Qb6 44. Qxb6+ Nxb6 45. h4 Nxd5 46. Bxd5 Kxd5 47. Re3 b4 48. axb4 axb4 49. Kf1 Kc4 50. Ke2 Bd4 51. Re4 b3 52. Kd2 Kd5 53. Rxd4+ Kxd4 54. h5 1-0

[Event "IIFL Wealth 4th Mumbai GM"]
[Site "Mumbai"]
[Date "2019.01.03"]
[Round "5"]
[White "Aaryan Varshney"]
[Black "Kavinda, Akila"]
[Result "0-1"]
[ECO "B06"]
[WhiteElo "2200"]
[BlackElo "2092"]
[Annotator "NA"]
[PlyCount "70"]
[EventDate "2018.12.30"]
[EventType "swiss"]
[EventCountry "IND"]
[SourceTitle "playchess.com"]
[Source "ChessBase"]
[SourceQuality "1"]
[TimeControl "40/5400+30:1800+30"]

1. d4 d6 2. e4 g6 3. Nc3 Bg7 4. Nf3 a6 5. a4 Nf6 6. Be2 O-O 7. O-O Nc6 8. h3 e5 9. dxe5 dxe5 10. Be3 Qe7 11. Bg5 Nb4 12. Qc1 b6 13. Nh2 Bb7 14. Ng4 h5 15. Nxf6+ Bxf6 16. Be3 Rad8 17. Bc4 Kh7 18. f3 Rd7 19. Kh1 Bh4 20. g4 f5 21. Bh6 Rfd8 22. gxf5 g5 23. Be6 Rd6 24. Nd1 Kxh6 25. Ne3 Bg3 26. c3 Nd3 27. Qc2 Bf4 28. Nd5 Bxd5 29. exd5 Nc5 30. c4 Nxe6 31. fxe6 c6 32. h4 cxd5 33. hxg5+ Qxg5 34. cxd5 Qh4+ 35. Kg1 Rg8+ 0-1